AoeStats
← Tolili

Glade

510801342Analyzed
1v1 RM · 21h ago on Oct 2, 2026· 49m 35s· 2 players
Game mode
Random Map
Map size
Tiny (2 player)
Population
200
Speed
Normal
Resources
Standard
Victory
Conquest
Starting age
Dark Age
Ending age
Imperial Age
RankedLock teamsTeams togetherTeam positionsShared explorationLock speedFull tech treeHidden civsTurbo modeCheats
Victory
Defeat
🇪🇸 Vikings · Spain
1465
+16
🇹🇷 Britons · Türkiye
1457
-16
g_ermeric
9:14 Loom
11:20 Feudal Age
15:41 Castle Age
13:54 Double-Bit Axe
14:31 Fletching
19:32 Padded Archer Armor
22:06 Horse Collar
24:27 Bodkin Arrow
28:30 Scale Barding Armor
27:48 Light Cavalry
29:09 Wheelbarrow
35:01 Imperial Age
33:59 Forging
35:46 Bracer
36:34 Ballistics
37:15 Chemistry
37:03 Leather Archer Armor
37:34 Crossbowman
37:35 Cranequins
41:19 Ring Archer Armor
41:04 Elite Skirmisher
42:08 Arbalester
45:10 Heavy Plow
47:05 Husbandry
Tolili
2:24 Loom
10:49 Feudal Age
11:44 Man-at-Arms
13:02 Double-Bit Axe
18:24 Castle Age
17:33 Horse Collar
19:29 Fletching
19:46 Elite Skirmisher
20:24 Bodkin Arrow
23:15 Bow Saw
23:56 Town Watch
26:32 Guard Tower
34:56 Imperial Age
34:32 Heated Shot
36:22 Masonry
36:16 Bracer
37:46 Two-Man Saw
37:02 Padded Archer Armor
38:31 Ballistics
40:08 Conscription
40:13 Leather Archer Armor
42:11 Chemistry
41:59 Heavy Plow
42:46 Ring Archer Armor
Connection lost

Rejoining the realm…

Still unreachable

The connection could not be restored.

Session expired

The server has moved on; the page needs a fresh start.